 Dungeon Crawl Stone Soup version 0.31-a0-1074-g0b22e4e0f1 (webtiles) character file.

Game seed: 11203394177764503865

41 Lobster4 the Firebug (level 3, -4/28 HPs)
             Began as a Hill Orc Fire Elementalist on Dec 5, 2023.
             Slain by Sigmund
             ... wielding a +4 scythe
              (10 damage)
             ... on level 2 of the Dungeon.
             The game lasted 00:03:35 (1212 turns).

Lobster4 the Firebug (Hill Orc Fire Elementalist)   Turns: 1212, Time: 00:03:36

Health: -4/28      AC:  2    Str: 10    XL:     3   Next: 52%
Magic:  4/5        EV: 12    Int: 17    God:
Gold:   82         SH:  0    Dex: 11    Spells: 2/5 levels left

rFire   + . .        i - +0 short sword
rCold   x . .        (no shield)
rNeg    . . .        a - +0 robe
rPois   .            (no helmet)
rElec   .            (no cloak)
rCorr   .            (no gloves)
SInv    .            (no boots)
Will    .....        (no amulet)
Stlth   ++           n - ring of fire
HPRegen 0.24/turn    (no ring)
MPRegen 0.09/turn

%: no passive effects
@: mighty
A: no striking features
a: no special abilities


You were on level 2 of the Dungeon.
You visited 1 branch of the dungeon, and saw 2 of its levels.

You collected 82 gold pieces.

Inventory:

Hand Weapons
 i - a +0 short sword (weapon)
 l - a +0 sling
Missiles
 g - a stone
 p - a poisoned dart
Armour
 a - a +0 robe (worn)
 c - a +0 ring mail
 f - a +0 leather armour
Jewellery
 n - a ring of fire (left hand)
Scrolls
 d - a scroll of noise {unknown}
 e - a scroll of amnesia {unknown}
 h - 2 scrolls of identify {unknown}
 q - a scroll of enchant armour {unknown}
Potions
 b - a potion of magic
 k - a potion of berserk rage {unknown}
 m - a potion of might
 o - a potion of curing


   Skills:
 + Level 1.1 Fighting
 + Level 1.0 Armour
 + Level 1.8 Dodging
 - Level 1.5 Stealth
 + Level 1.8 Spellcasting
 + Level 1.4 Conjurations
 * Level 3.9 Fire Magic


You had 2 spell levels left.
You knew the following spells:

 Your Spells              Type           Power      Damage    Failure   Level
a - Foxfire               Conj/Fire      60%        2x1d7     7%          1
b - Scorch                Fire           44%        2d6       6%          2

Your spell library contained the following spells:

 Spells                   Type           Power      Damage    Failure   Level
 Inner Flame              Hex/Fire       12%        N/A       26%         3
 Volatile Blastmotes      Fire/Tloc      24%        2d12      26%         3
 Flame Wave               Conj/Fire      15%        2d7       54%         4


Dungeon Overview and Level Annotations

Branches:
Dungeon (2/15)

Altars:

Annotations:
D:2 Robin, Sigmund


Message History

Press: ? - help, Shift-Dir - straight line You throw a curare-tipped dart.
A giant cockroach comes into view.
Throw: 2 darts (poison)
Press: ? - help, Shift-Dir - straight line, f - giant cockroach
Aim: a giant cockroach (wandering, hasn't noticed you, 50% to hit)
You throw a poisoned dart.
The poisoned dart barely misses the giant cockroach.
Something hits you!
Casting: Foxfire (safe; 7% risk of failure)
Confirm with . or Enter, or press ? or * to list all spells.
You feel a surge of power!
You conjure some foxfire!
A worm comes into view.
Unknown command.
The foxfire hits something.
The foxfire hits something but does no damage.
Casting: Foxfire (safe; 7% risk of failure)
Confirm with . or Enter, or press ? or * to list all spells.
You feel a surge of power!
You conjure some foxfire!
You hear some strange, mumbled words.
You are confused.
Unknown command.
You bump into the rock wall.
The foxfire hits something. x2
Something hits you.
You are too confused!
Unknown command.
It was a potion of might.
You feel very mighty all of a sudden. Something hits you!
* * * LOW HITPOINT WARNING * * *
You hit the giant cockroach.
You kill the giant cockroach!
Something hits you.
* * * LOW HITPOINT WARNING * * *
You see here a giant cockroach corpse.
It was a potion of curing.
You feel better. Something hits you!
* * * LOW HITPOINT WARNING * * *
There is an open door here.
Something hits you!
You die...

######### .#. .. ........w
#... ?. #######.# #..S##.
##### #..... #....#.##
#...# #<.... ........#
#@#.####### #.....
#.#...).# #####'#.......#
######
#.......###...†...#####.###
#..('.((w.....## #...#
#...###........# #.###
#...# #........# #.# .....#
#........# #.# .......#
#........# #.########
#.#.#### #........#
#.........


There were no monsters in sight!

Vanquished Creatures
  An adder (D:2)
  2 dart slugs (D:1)
  2 ball pythons (D:2)
  2 endoplasms (D:2)
  3 giant cockroaches
  3 goblins
  4 jackals (D:1)
  2 quokkas (D:1)
  A bat (D:1)
  3 frilled lizards
  2 kobolds (D:1)
25 creatures vanquished.

Vanquished Creatures (others)
  62 foxfires
62 creatures vanquished.

Grand Total: 87 creatures vanquished

Notes
Turn   | Place    | Note
-------+----------+-------------------------------------------
     0 | D:1      | Lobster4 the Hill Orc Fire Elementalist began the quest for
                  | the Orb.
     0 | D:1      | Reached XP level 1. HP: 14/14 MP: 3/3
   239 | D:1      | Reached XP level 2. HP: 22/22 MP: 0/4
   242 | D:1      | Learned a level 2 spell: Scorch
   819 | D:2      | Reached skill level 1 in Fighting
   819 | D:2      | Reached XP level 3. HP: 28/28 MP: 2/5
  1164 | D:2      | Noticed Robin
  1185 | D:2      | Noticed Sigmund
  1198 | D:2      | Reached skill level 1 in Armour
  1212 | D:2      | Slain by Sigmund

Illustrated notes

Levels and vault maps discovered:
D:1:      minmay_arrival_four_circles, layout_rooms, minmay_misc_feat_room
D:2:      layout_basic, uniq_sigmund, uniq_robin

Skill      XL: |  1  2  3 |
---------------+----------+-----
Fighting       | 1 |  1.1
Armour         | 1 |  1.0
Dodging        | |  1.8
Stealth        | |  1.5
Spellcasting   | |  1.8
Conjurations   | |  1.4
Fire Magic     | |  3.9

Action                     || total
---------------------------++-------
  Melee: Short sword       ||    25
  Throw: Dart              ||     6
   Cast: Foxfire           ||    43
    Use: Potion            ||     2
 Armour: Robe              ||    21
  Dodge: Dodged            ||    13

Table legend: (Time is in decaauts)
 A = Elapsed time spent in this place.
 B = Non-inter-level travel time spent in this place.
 C = Inter-level travel time spent in this place.
 D = Time resting spent in this place.
 E = Time spent auto-exploring this place.
 F = Levels seen in this place.
 G = Mean time per level.
                   A        B        C        D        E       F      G
               +--------+--------+--------+--------+--------+-----+--------+
         Total |   1211 |   1186 |     25 |      7 |    893 |   2 |  605.5 |
       Dungeon |   1211 |   1186 |     25 |      7 |    893 |   2 |  605.5 |
               +--------+--------+--------+--------+--------+-----+--------+

Top non-repeatable levels by time:
     D:1: 812 daAuts
     D:2: 399 daAuts
